 Dungeon Crawl Stone Soup version v1.0-2-gaaa0a93 (webtiles) character file.

37 Speleothing the Ogre Mage (level 3, -1/31 HPs)
             Began as an Ogre Wizard on Jan 30, 2018.
             Slain by a rat (2 damage)
             ... on level 1 of the Dungeon.
             The game lasted 00:05:49 (1561 turns).

Speleothing the Ogre Mage (Ogre Wizard)             Turns: 1561, Time: 00:05:50

Health: -1/31      AC:  3    Str: 12    XL:     3   Next: 39%
Magic:  8/8        EV: 10    Int: 19    God:
Gold:   50         SH:  0    Dex:  7    Spells: 5/10 levels left

rFire    . . .     SeeInvis .   a - +0 whip
rCold    . . .     Gourm    .   (no shield)
rNeg     . . .     Faith    .   j - +0 robe
rPois    .         Spirit   .   b - +0 hat
rElec    .         Reflect  .   (no cloak)
rCorr    .         Harm     .   (gloves unavailable)
MR       .....                  (boots unavailable)
Stlth    +.........             (no amulet)
HPRegen  0.10/turn              (no ring)
MPRegen  0.11/turn              (no ring)

@: starving
A: large, unfitting armour, tough skin 1
a: no special abilities


You were on level 1 of the Dungeon.
You were starving.

You visited 1 branch of the dungeon, and saw 2 of its levels.

You collected 50 gold pieces.

Inventory:

Hand Weapons
 a - a +0 whip (weapon)
Armour
 b - a +0 hat (worn)
 j - a +0 robe (worn)
Scrolls
 h - a scroll of identify {unknown}
Potions
 e - a potion of lignification {unknown}
 f - a potion of curing {unknown}
 i - a potion of agility {unknown}
Books
 c - a book of Minor Magic

   Spells                             Type                      Level
   a - Magic Dart                     Conjuration                  1
   b - Blink                          Translocation                2
   c - Call Imp                       Summoning                    2
   d - Slow                           Hexes                        2
   e - Conjure Flame                  Conjuration/Fire             3
   f - Mephitic Cloud                 Conjuration/Poison/Air       3
Comestibles
 d - a ration


   Skills:
 + Level 1.0 Maces & Flails
 + Level 2.3 Dodging
 - Level 1.4 Stealth
 + Level 4.2 Spellcasting
 + Level 1.5 Conjurations
 - Level 0.8 Summonings
 - Level 0.8 Translocations


You had 5 spell levels left.
You knew the following spells:

 Your Spells              Type           Power        Failure   Level  Hunger
a - Magic Dart            Conj           #...         8%          1    None
b - Call Imp              Summ           #.......     14%         2    #......
k - Blink                 Tloc           N/A          14%         2    #......


Dungeon Overview and Level Annotations

Branches:
Dungeon (2/15)

Altars:


Innate Abilities, Weirdness & Mutations

You are too large for most types of armour.
You have tough skin. (AC +1)


Message History

The rat bites you but does no damage. The hobgoblin hits you with a club.
You hit the hobgoblin but do no damage.
The hobgoblin is moderately wounded.
The rat bites you but does no damage. The hobgoblin misses you.
The rat closely misses you.
You closely miss the hobgoblin.
The hobgoblin is moderately wounded.
The hobgoblin hits you with a club.
* * * LOW HITPOINT WARNING * * *
The rat bites you but does no damage.
You closely miss the hobgoblin.
The hobgoblin is moderately wounded.
The hobgoblin hits you with a club.
* * * LOW HITPOINT WARNING * * *
The rat bites you but does no damage.
You barely miss the hobgoblin. The hobgoblin barely misses you.
The rat misses you.
You closely miss the hobgoblin. The hobgoblin completely misses you.
The rat bites you.
You die...

###################
###########.r@g.............#
#8≈≈≈≈≈§≈8#.###############.##
#...§.§.§§#.#### #........
####.........#....# #.####.##
...#<...8....'÷##.# #.####.#.
##.#....8....'.##.# #........
#.#.........####.# ######...
#.#§........# #.####### #...
#.#8≈≈§≈≈≈≈8# #.......# #...


You could see a hobgoblin and a rat.

Vanquished Creatures
  2 oozes (D:1)
  3 bats
  5 giant cockroaches (D:1)
  2 goblins (D:1)
  4 hobgoblins (D:1)
  A frilled lizard (D:1)
  5 kobolds (D:1)
  3 rats (D:1)
25 creatures vanquished.

Notes
Turn   | Place    | Note
-------+----------+-------------------------------------------
     0 | D:1      | Speleothing the Ogre Wizard began the quest for the Orb.
     0 | D:1      | Reached XP level 1. HP: 16/16 MP: 5/5
   103 | D:1      | Reached skill level 1 in Conjurations
   148 | D:1      | Reached XP level 2. HP: 18/24 MP: 1/6
   294 | D:1      | Reached skill level 4 in Spellcasting
   725 | D:1      | Reached XP level 3. HP: 14/31 MP: 6/8
  1240 | D:2      | Reached skill level 1 in Maces & Flails
  1252 | D:1      | HP: 1/31 [kobold/short sword (2)]
  1288 | D:1      | Learned a level 2 spell: Call Imp
  1291 | D:1      | Learned a level 2 spell: Blink
  1559 | D:1      | HP: 1/31 [hobgoblin/club (5)]
  1561 | D:1      | Slain by a rat

Skill      XL: |  1  2  3 |
---------------+----------+-----
Conjurations   | 1 |  1.5
Dodging        | 2 |  2.3
Spellcasting   | 4 |  4.2
Maces & Flails | 1 |  1.0
Stealth        | |  1.4
Summonings     | |  0.8
Translocations | |  0.8

Action                   || total
-------------------------++-------
Melee: Unarmed           ||    22
       Dagger            ||    47
       Whip              ||    50
 Cast: Magic Dart        ||    43
 Stab: Sleeping          ||     1
Armor: Robe              ||    53
Dodge: Dodged            ||    74
